 Dungeon Crawl Stone Soup version 0.29-a0-284-gf9362112df (webtiles) character file.

Game seed: 10224580018845950936

190 bande the Covered (level 5, -7/33 HPs)
             Began as a Gargoyle Fighter on Mar 25, 2022.
             Mangled by a wight
             ... wielding a +0 great sword
              (16 damage)
             ... on level 3 of the Dungeon.
             The game lasted 00:04:52 (2743 turns).

bande the Covered (Gargoyle Fighter)                Turns: 2743, Time: 00:04:53

Health: -7/33      AC: 12    Str: 19    XL:     5   Next: 69%
Magic:  5/5        EV:  9    Int:  9    God:
Gold:   974        SH:  4    Dex: 11    Spells: 4/4 levels left

rFire   . . .      SeeInvis .   a - +0 war axe (spect)
rCold   . . .      Faith    .   c - +0 buckler
rNeg    + . .      Spirit   .   b - +0 scale mail
rPois   ∞          Reflect  .   (no helmet)
rElec   +          Harm     .   (no cloak)
rCorr   .          Rampage  .   e - +0 pair of gloves
Will    .....                   (no boots)
Stlth   ..........              (no amulet)
HPRegen 0.11/turn               (no ring)
MPRegen 0.09/turn               (no ring)

@: no status effects
A: sickness immunity, AC +4, negative energy resistance 1, electricity
resistance, torment resistance 1, petrification resistance
a: no special abilities


You were on level 3 of the Dungeon.
You visited 1 branch of the dungeon, and saw 4 of its levels.

You collected 974 gold pieces.

Inventory:

Hand Weapons
 a - a +0 spectral war axe (weapon)
 k - a +0 flail
Armour
 b - a +0 scale mail (worn)
 c - a +0 buckler (worn)
 e - a +0 pair of gloves (worn)
 j - a +0 cloak
Jewellery
 h - a ring of ice
Scrolls
 i - a scroll of identify
 m - 2 scrolls of teleportation
Potions
 d - a potion of might
 f - 2 potions of cancellation
 g - 2 potions of curing
 l - a potion of mutation {unknown}


   Skills:
 + Level 3.9 Fighting
 + Level 3.8 Axes
 + Level 4.3 Armour
 + Level 3.8 Shields


You had 4 spell levels left.
You didn't know any spells.
Your spell library contained the following spells:

 Spells                   Type           Power      Damage    Failure   Level
 Freeze                   Ice            0%         1d3       83%         1
 Sandblast                Erth           0%         2d4       83%         1
 Passwall                 Tmut/Erth      0%         N/A       93%         2
 Frozen Ramparts          Ice            0%         1d2       99%         3
 Stone Arrow              Conj/Erth      0%         3d7       99%         3
 Hailstorm                Conj/Ice       0%         3d3       100%        4


Dungeon Overview and Level Annotations

Branches:
Dungeon (4/15)
 Temple: D:4-7

Altars:
Kikubaaqudgha
Makhleb

Shops:
D:2 ?


Innate Abilities, Weirdness & Mutations

You are immune to sickness and miasma.
Your stone body is resilient. (AC +4)
You are immune to poison.
You resist negative energy. (rN+)
You are resistant to electric shocks. (rElec)
You are resistant to unholy torment.
You are immune to petrification.


Message History

A wight and a giant cockroach come into view.
Found 14 stones and a green potion.
The giant cockroach moves out of view.
A wight comes into view. It is wielding a +4 long sword.
A wight comes into view.
It is wielding a +0 great sword. 2 wights come into view.
The wight closely misses you.
You barely miss the wight.
Your +0 spectral war axe hits the wight!!
You destroy the wight!
Your +0 spectral war axe hits the giant cockroach!
You kill the giant cockroach!
A kobold comes into view. It is wielding a +0 short sword.
The wight misses your +0 spectral war axe.
The kobold hits you but does no damage. The kobold hits you but does no damage.
The kobold attacks as you move away! The kobold barely misses you.
The wight misses you. The wight attacks as you move away!
The wight closely misses you. The wight attacks as you move away!
The wight hits you but does no damage. The wight attacks as you move away!
The wight hits you but does no damage. You block the wight's attack.
The wight attacks as you move away!
The wight hits you with a +4 long sword!
The wight attacks as you move away! The wight completely misses you.
There is a stone staircase leading down here.
The wight closely misses you. The wight attacks as you move away!
The wight completely misses you. The wight attacks as you move away!
The wight hits you but does no damage. The wight attacks as you move away!
The wight hits you with a +4 falchion. The wight attacks as you move away!
The wight hits you with a +0 great sword!
There is a stone staircase leading up here.
The wight hits you with a +0 great sword.
* * * LOW HITPOINT WARNING * * *
The wight hits you but does no damage.
You climb upwards.
There is a stone staircase leading down here.
You closely miss the wight. x2
The wight hits you with a +0 great sword!
You die...

#..........# #.#.##.#..#
#..........# #.#.##.#..#
#..........# #.#.##.#...
#..........# #.#.##.#..#
#...<......# #.#.##.#..#
#........).# #.#[##.....
#######...## #.#.####..#
###########...#########.#........
......)....?....@z......#########
####.#########)##z#######
#...†###...# #.##.#########
#....##....# #.#..........#
#....##....###.#..........#
#....##.#......#..........#
####.##.########..........# #
#......................# #
#......######..........#


You could see 2 wights.

Vanquished Creatures
  A wight (D:4)
  Crazy Yiuf (D:2)
  A gnoll (D:3)
  2 adders
  A shadow imp (D:3)
  A worm (D:2)
  4 dart slugs
  5 orcs
  6 ball pythons
  An endoplasm (D:1)
  3 giant cockroaches
  7 goblins
  8 hobgoblins
  3 quokkas (D:1)
  2 bats (D:3)
  3 frilled lizards
  5 kobolds
  6 rats
60 creatures vanquished.

Notes
Turn   | Place    | Note
-------+----------+-------------------------------------------
     0 | D:1      | bande the Gargoyle Fighter began the quest for the Orb.
     0 | D:1      | Reached XP level 1. HP: 14/14 MP: 1/1
   275 | D:1      | Reached XP level 2. HP: 14/19 MP: 2/2
   799 | D:1      | Found a faded altar of an unknown god.
   872 | D:1      | Reached XP level 3. HP: 18/23 MP: 3/3
  1318 | D:2      | Identified a scroll of acquirement
  1318 | D:2      | Acquired 781 gold pieces
  1394 | D:2      | Found Seirhur's Magic Scroll Boutique.
  1434 | D:2      | Found a runed translucent door.
  1435 | D:2      | Noticed Crazy Yiuf
  1517 | D:2      | Reached XP level 4. HP: 23/28 MP: 4/4
  1805 | D:2      | Paralysed by Crazy Yiuf for 5 turns
  1816 | D:2      | Killed Crazy Yiuf
  1991 | D:3      | Reached skill level 4 in Armour
  2230 | D:3      | Reached XP level 5. HP: 30/33 MP: 5/5
  2436 | D:3      | Found a burning altar of Makhleb.
  2436 | D:3      | Found an ancient bone altar of Kikubaaqudgha.
  2743 | D:3      | Mangled by a wight

Illustrated notes

Levels and vault maps discovered:
D:1:      amcnicky_arrival_blooded_trapdoor, layout_loops_cross,
          dilly_ecumenical_altar_fadedgnrine, chequers_hall_statues_wall_a
D:2:      layout_rooms, serial_shops, nicolae_shop_behind_doors,
          guppyfry_early_orc_mine, uniq_crazy_yiuf_cottage
D:3:      layout_basic, gammafunk_temple_overflow_elements,
          minmay_fractal_squares_gapless_5
D:4:      layout_rooms, lemuel_round_altar, eino_small_chamber_without_monster,
          nicolae_shop_unique_rings, uniq_duvessa

Skill      XL: |  1  2  3  4 |
---------------+-------------+-----
Axes           | 2 3 |  3.8
Armour         | 4 |  4.3
Fighting       | |  3.9
Shields        | |  3.8

Action                   |  1- 3 |  4- 6 || total
-------------------------+-------+-------++-------
Melee: War axe           |    83 |    40 ||   123
  Use: Scroll            |     8 |     3 ||    11
       Potion            |       |     1 ||     1
Armor: Scale mail        |    37 |    28 ||    65
Dodge: Dodged            |    43 |    24 ||    67
Block: Buckler           |    12 |     8 ||    20

Table legend: (Time is in decaauts)
 A = Elapsed time spent in this place.
 B = Non-inter-level travel time spent in this place.
 C = Inter-level travel time spent in this place.
 D = Time resting spent in this place.
 E = Time spent auto-exploring this place.
 F = Levels seen in this place.
 G = Mean time per level.
                   A        B        C        D        E       F      G
               +--------+--------+--------+--------+--------+-----+--------+
         Total |   2793 |   2676 |    117 |      0 |   2197 |   4 |  698.2 |
       Dungeon |   2793 |   2676 |    117 |      0 |   2197 |   4 |  698.2 |
               +--------+--------+--------+--------+--------+-----+--------+

Top non-repeatable levels by time:
     D:1: 1228 daAuts
     D:2: 791 daAuts
     D:3: 734 daAuts
     D:4: 39 daAuts
